 Dungeon Crawl Stone Soup version 0.28-a0-1594-ga885d4b3d6 (webtiles) character file.

Game seed: 7144150933779126204

49 grumblor the Skirmisher (level 3, 0/30 HPs)
             Began as a Mummy Fighter on Jan 21, 2022.
             Slain by a gnoll (2 damage)
             ... on level 1 of the Dungeon.
             The game lasted 00:02:43 (1663 turns).

grumblor the Skirmisher (Mummy Fighter)             Turns: 1663, Time: 00:02:44

Health: 0/30       AC:  6    Str: 27    XL:     3   Next: 51%
Magic:  3/3        EV: 10    Int:  7    God:
Gold:   96         SH:  4    Dex: 11    Spells: 2/2 levels left

rFire   x . .      SeeInvis .   a - +0 war axe
rCold   + . .      Faith    .   c - +0 buckler
rNeg    + + +      Spirit   .   b - +0 scale mail
rPois   ∞          Reflect  .   (no helmet)
rElec   .          Harm     .   (no cloak)
rCorr   .          Rampage  .   (no gloves)
Will    .....                   (no boots)
Stlth   ..........              (no amulet)
HPRegen 0.10/turn               d - +6 ring of strength
MPRegen 0.08/turn               (no ring)

@: no status effects
A: cold resistance 1, negative energy resistance 3, torment resistance 2, heat
vulnerability 1, no potions
a: no special abilities


You were on level 1 of the Dungeon.
You visited 1 branch of the dungeon, and saw 2 of its levels.

You collected 96 gold pieces.

Inventory:

Hand Weapons
 a - a +0 war axe (weapon)
Armour
 b - a +0 scale mail (worn)
 c - a +0 buckler (worn)
Jewellery
 d - a +6 ring of strength (left hand)
Scrolls
 f - a scroll of teleportation {unknown}


   Skills:
 * Level 3.8 Fighting
 + Level 2.2 Axes
 - Level 2.4 Armour
 * Level 1.0 Dodging
 - Level 2.4 Shields


You had 2 spell levels left.
You didn't know any spells.
Your spell library was empty.

Dungeon Overview and Level Annotations

Branches:
Dungeon (2/15)

Altars:

Shops:
D:1 *   D:2 [


Innate Abilities, Weirdness & Mutations

You are immune to poison.
Your flesh is cold resistant. (rC+)
You are immune to negative energy. (rN+++)
You are immune to unholy pain and torment.
You are vulnerable to heat. (rF-)
You do not drink.


Message History

No target in view!
You now have 96 gold pieces (gained 4).
A gnoll comes into view. It is wielding a +0 club.
The gnoll shouts!
A gnoll comes into view. It is wielding a +0 spear.
The gnoll shouts!
The gnoll hits you with a +0 club.
You slash the gnoll!
The gnoll is heavily wounded.
The gnoll hits you with a +0 club. The gnoll hits you but does no damage.
The gnoll closely misses you.
You slash the gnoll!
You kill the gnoll!
A gnoll comes into view. It is wielding a +0 halberd.
The gnoll hits you but does no damage.
Your Dodging skill increases to level 1!
The gnoll shouts!
You hear a shout!
A gnoll comes into view. It is wielding a +0 flail.
The gnoll hits you with a +0 spear.
You see here a +0 club.
You completely miss the gnoll. The gnoll misses you.
The gnoll hits you with a +0 spear.
The gnoll hits you from afar with a +0 spear.
There is an open door here.
There is a stone staircase leading up here.
The gnoll barely misses you.
There is a stone staircase leading up here.
The gnoll hits you with a +0 spear. You block the gnoll's attack.
You climb upwards.
There is a stone staircase leading down here.
You hit the gnoll.
The gnoll is lightly wounded.
The gnoll hits you with a +0 spear!
* * * LOW HITPOINT WARNING * * *
The gnoll hits you with a +0 spear.
* * * LOW HITPOINT WARNING * * *
You hit the gnoll.
The gnoll is moderately wounded.
The gnoll hits you with a +0 spear.
You die...

.......#
#....#..........#
.......#
#....###.######.####
.......#
#...####.######.....
.......# ##..#
#......#######
.......# #..#
#.....†# ## #......#
#..# #......######.
.......# #..#
#....†........
.......# #.g#
#......######.
..###### #.@#
######## ## ..#
####### ##.# ..#
#.....# #.#
#######.....####.#
####)..........#.#
............##.#.#
####.#......##.#.# #
#.#......##.#.# #
#.#......##.#.#


You could see a gnoll.

Vanquished Creatures
  2 gnolls
  A dart slug (D:1)
  2 ball pythons (D:1)
  3 endoplasms
  2 giant cockroaches
  2 goblins (D:1)
  4 hobgoblins (D:1)
  A quokka (D:1)
  A bat (D:1)
  3 frilled lizards (D:1)
  2 kobolds (D:1)
  4 rats (D:1)
27 creatures vanquished.

Notes
Turn   | Place    | Note
-------+----------+-------------------------------------------
     0 | D:1      | grumblor the Mummy Fighter began the quest for the Orb.
     0 | D:1      | Reached XP level 1. HP: 18/18 MP: 1/1
   232 | D:1      | Found Gove's General Store.
   719 | D:1      | Reached XP level 2. HP: 20/24 MP: 2/2
   840 | D:1      | Found a faded altar of an unknown god.
  1357 | D:1      | Reached XP level 3. HP: 16/30 MP: 3/3
  1629 | D:2      | Found Puyfuoqe's Armour Shop.
  1647 | D:2      | Reached skill level 1 in Dodging
  1663 | D:1      | Slain by a gnoll

Illustrated notes

Levels and vault maps discovered:
D:1:      ebering_trefoil_twist, layout_basic, serial_shops, shop,
          ebering_ecumenical_altar_webs, minmay_pentomino_s4
D:2:      minmay_chambers_of_twos, layout_loops_corners, serial_shops, shop

Skill      XL: |  1  2  3 |
---------------+----------+-----
Axes           | 2 |  2.2
Dodging        | 1 |  1.0
Fighting       | |  3.8
Armour         | |  2.4
Shields        | |  2.4

Action                   || total
-------------------------++-------
Melee: War axe           ||    67
  Use: Scroll            ||     1
Armor: Scale mail        ||    22
Dodge: Dodged            ||    33
Block: Buckler           ||     6

Table legend: (Time is in decaauts)
 A = Elapsed time spent in this place.
 B = Non-inter-level travel time spent in this place.
 C = Inter-level travel time spent in this place.
 D = Time resting spent in this place.
 E = Time spent auto-exploring this place.
 F = Levels seen in this place.
 G = Mean time per level.
                   A        B        C        D        E       F      G
               +--------+--------+--------+--------+--------+-----+--------+
         Total |   1692 |   1667 |     25 |    483 |    993 |   2 |  846.0 |
       Dungeon |   1692 |   1667 |     25 |    483 |    993 |   2 |  846.0 |
               +--------+--------+--------+--------+--------+-----+--------+

Top non-repeatable levels by time:
     D:1: 1643 daAuts
     D:2: 48 daAuts
